 Dungeon Crawl Stone Soup version 0.18.1-48-g4cf74bf (webtiles) character file.

3599 Heedrag the Destroyer (level 9, 0/47 HPs)
             Began as a Deep Elf Conjurer on Aug 8, 2016.
             Was a Follower of Vehumet.
             Slain by an orc warrior
             ... wielding a +2 trident of piercing
              (16 damage)
             ... on level 8 of the Dungeon on Aug 10, 2016.
             The game lasted 00:19:38 (7350 turns).

Heedrag the Destroyer (Deep Elf Conjurer)           Turns: 7350, Time: 00:19:39

Health: 0/47       AC:  5    Str:  8    XL:     9   Next: 85%
Magic:  3/24       EV: 14    Int: 21    God:    Vehumet [*.....]
Gold:   489        SH:  0    Dex: 15    Spells: 4 memorised, 14 levels left

rFire  . . .     SeeInvis .     U - +2 spear (pierce)
rCold  . . .     Gourm    .     a - +0 robe
rNeg   . . .     Faith    .     (no shield)
rPois  .         Spirit   .     H - +0 helmet
rElec  .         Dismiss  .     (no cloak)
rCorr  .         Reflect  .     D - +0 pair of gloves
SustAt .         Harm     .     y - +0 pair of boots
MR     +....     Rnd*Tele +     r - amulet of regeneration
Stlth  ++........               Y - ring of teleportation (curse)
                                L - ring of protection from magic

@: somewhat resistant to hostile enchantments, unstealthy
A: no striking features
a: Renounce Religion


You were on level 8 of the Dungeon.
You worshipped Vehumet.
Vehumet was aware of your devotion.
You were hungry.

You visited 2 branches of the dungeon, and saw 9 of its levels.

You collected 489 gold pieces.

Inventory:

Hand Weapons
 m - a +2 dagger of electrocution
 U - a +2 spear of piercing (weapon)
Missiles
 j - 8 curare-tipped needles
Armour
 a - a +0 robe (worn)
 y - a +0 pair of boots (worn)
 D - a +0 pair of gloves (worn)
 H - a +0 helmet (worn)
 N - the +4 chain mail of Theory {rF+ Regen+}
   (You found it on level 6 of the Dungeon)

   It protects you from fire.
   It increases your rate of regeneration.
 X - a +0 large shield
Jewellery
 g - an uncursed amulet of guardian spirit
 n - an uncursed ring of fire
 r - an amulet of regeneration (around neck)
 L - a ring of protection from magic (left hand)
 P - an uncursed ring of ice
 V - an uncursed ring of positive energy
 Y - a cursed ring of teleportation (right hand)
Wands
 w - a wand of confusion (21/48)
 J - a wand of lightning (11/15)
 S - a wand of lightning (5/15)
 W - a wand of digging (14/24)
Scrolls
 i - a scroll of immolation {unknown}
 k - 2 scrolls of noise {unknown}
 l - 5 scrolls of teleportation {unknown}
 o - 2 scrolls of enchant weapon {unknown}
 s - 7 scrolls of identify
 t - a scroll of random uselessness {unknown}
 u - 2 scrolls of remove curse {unknown}
 v - 3 scrolls of enchant armour {unknown}
 A - a scroll of blinking {unknown}
 E - a scroll of fog {unknown}
 Q - a scroll of vulnerability {unknown}
Potions
 e - a potion of berserk rage {unknown}
 f - 3 potions of haste {unknown}
 q - 2 potions of resistance {unknown}
 x - 2 potions of invisibility {unknown}
 B - a potion of flight {unknown}
 C - a potion of ambrosia {unknown}
 F - 3 potions of curing {unknown}
 G - 2 potions of brilliance {unknown}
 I - a potion of lignification {unknown}
 K - a potion of cancellation {unknown}
 M - a potion of might {unknown}
 O - a potion of heal wounds {unknown}
Books
 b - a book of Conjurations

   Spells                             Type                      Level
   a - Magic Dart                     Conjuration                  1
   b - Searing Ray                    Conjuration                  2
   c - Dazzling Spray                 Conjuration/Hexes            3
   d - Fulminant Prism                Conjuration/Hexes            4
   e - Iskenderun's Mystic Blast      Conjuration                  4
   f - Iskenderun's Battlesphere      Conjuration/Charms           5
Comestibles
 c - 14 bread rations
 d - 7 fruits
 h - 5 meat rations
 p - 11 slices of pizza
 z - 3 beef jerkies
 R - a chunk of flesh
 T - a royal jelly


   Skills:
 + Level 1.1 Fighting
 + Level 3.6 Dodging
 - Level 2.5 Stealth
 + Level 9.7 Spellcasting
 * Level 11.6 Conjurations
 + Level 9.1 Charms


You had 14 spell levels left.
You knew the following spells:

 Your Spells              Type           Power        Failure   Level  Hunger
a - Magic Dart            Conj           ####         1%          1    None
b - Dazzling Spray        Conj/Hex       ####..       1%          3    None
c - Iskenderun's Mystic   Conj           ######..     1%          4    ##.....
d - Iskenderun's Battles  Conj/Chrm      ######..     2%          5    ####...


Dungeon Overview and Level Annotations

Branches:
Dungeon (8/15)             Temple (1/1) D:6
   Lair: D:8-11

Altars:
Dithmenos
Elyvilon
Fedhas
Gozag
Kikubaaqudgha
Nemelex Xobeh
Okawaru
Qazlal
Sif Muna
Trog
Vehumet
Xom
Zin

Shops:
D:7 =

Annotations:
D:4 exclusion: oklob plant
D:5 1 runed door


Message History

Yer battlesphere 'spends tha last o' its energy an' dissipates.
Tha orc warrior hits ye from afar wit' a trident o' piercin'.
* * * LOW HITPOINT WARNIN'
* * * Tha orc throws a tomahawk.
Tha tomahawk closely misses ye.
Ye see 'ere a tomahawk.
Castin': Magic Dart Confirm wit' . or Enter, or press ? or * ta list all spells.
Aimin': Magic Dart
Press: ? - help, Shift-Dir - straight line, f/p - orc warrior
Aim: an orc warrior, wieldin' a trident o' piercin' an' wearin' a plate armour (severely wounded) Okay, than.
Castin': Magic Dart Confirm wit' . or Enter, or press ? or * ta list all spells.
Ye conjure a globe o' magical energy.
Ye be feelin' hungry.
Castin': Iskenderun's Battlesphere Confirm wit' . or Enter, or press ? or * ta list all spells.
Ye dinnae haf enough magic ta cast tha spell.
Tha orc warrior hits ye from afar wit' a trident o' piercin'!
Ye die...

#.#.#
#.......§..#
#.#.#
#..........#
#.#
#.....(....#
#.#
#..........#
#.#
#....)≈....#
.<#
+.....†oo..#
#.#
#....ooO#
#.#
#.....*(#
#.#
#....@..#
#.#
#########
..# ###


You could see 2 orc warriors, an ogre, 2 orcs and a friendly battlesphere.

Vanquished Creatures
  Pikel (D:6)
  A human (D:7)
  A hog (D:7)
  Menkaure (D:7)
  A water moccasin (D:6)
  An ice beast (D:6)
  Duvessa (D:6)
  A slave (D:6)
  A sky beast (D:6)
  2 necrophages (D:6)
  5 ogres
  2 centaurs (D:5)
  3 giant frogs
  A gnoll sergeant (D:7)
  2 scorpions (D:5)
  Dowan (D:6)
  A crimson imp (D:7)
  A giant frog zombie (D:8)
  A hound (D:6)
  4 orc priests
  2 giant frog skeletons
  11 orc wizards
  3 iguanas
  7 worker ants
  3 sheep (D:7)
  A killer bee zombie (D:6)
  A worker ant zombie (D:4)
  7 gnolls
  5 adders
  An ooze (D:3)
  An adder skeleton (D:4)
  2 worms
  A dart slug (D:2)
  11 giant geckos
  36 orcs
  8 bats
  7 giant cockroaches
  21 goblins
  16 hobgoblins
  6 jackals
  3 quokkas
  A ball python (D:4)
  10 giant newts
  12 kobolds
  A quokka zombie (D:6)
  7 rats
216 creatures vanquished.

Vanquished Creatures (others)
  5 toadstools (D:1)
5 creatures vanquished.

Grand Total: 221 creatures vanquished

Notes
Turn   | Place    | Note
--------------------------------------------------------------
     0 | D:1      | Heedrag the Deep Elf Conjurer began the quest for the Orb.
     0 | D:1      | Reached XP level 1. HP: 10/10 MP: 6/6
   109 | D:1      | Reached XP level 2. HP: 15/15 MP: 5/8
   539 | D:2      | Reached XP level 3. HP: 15/19 MP: 5/10
   544 | D:2      | Learned a level 3 spell: Dazzling Spray
   625 | D:2      | Reached skill level 5 in Conjurations
  1402 | D:3      | Reached XP level 4. HP: 24/24 MP: 10/12
  1717 | D:3      | Learned a level 4 spell: Iskenderun's Mystic Blast
  1745 | D:3      | Found an opulent altar of Gozag.
  1785 | D:3      | Reached skill level 6 in Conjurations
  1785 | D:3      | Reached XP level 5. HP: 24/28 MP: 7/13
  1978 | D:3      | Learned a level 5 spell: Iskenderun's Battlesphere
  2248 | D:3      | Reached skill level 1 in Charms
  2366 | D:4      | Found an opulent altar of Gozag.
  2407 | D:4      | Reached skill level 5 in Spellcasting
  2594 | D:4      | Reached XP level 6. HP: 29/32 MP: 8/15
  2624 | D:4      | Reached skill level 7 in Conjurations
  2844 | D:4      | Found a blossoming altar of Fedhas.
  2862 | D:4      | Noticed an oklob plant
  3351 | D:5      | Entered Level 5 of the Dungeon
  3501 | D:5      | Reached XP level 7. HP: 13/36 MP: 7/18
  3746 | D:5      | Reached skill level 8 in Conjurations
  3877 | D:5      | Found an ancient bone altar of Kikubaaqudgha.
  3913 | D:5      | Found a sparkling altar of Nemelex Xobeh.
  4258 | D:5      | Reached skill level 5 in Charms
  4258 | D:5      | Reached XP level 8. HP: 41/41 MP: 11/20
  4391 | D:5      | Found a white marble altar of Elyvilon.
  4391 | D:5      | Found a runed door.
  4391 | D:5      | Noticed an angel
  4962 | D:6      | Reached skill level 9 in Conjurations
  4965 | D:6      | Got a faintly humming chain mail
  5015 | D:6      | Identified the +4 chain mail of Theory {rF+ Regen+} (You found it on level 6 of the Dungeon)
  5435 | D:6      | Found a staircase to the Ecumenical Temple.
  5499 | Temple   | Entered the Ecumenical Temple
  5516 | Temple   | Became a worshipper of Vehumet
  5683 | D:6      | Found a shadowy altar of Dithmenos.
  5766 | D:6      | Reached skill level 10 in Conjurations
  5932 | D:6      | Reached XP level 9. HP: 29/45 MP: 14/23
  6018 | D:6      | Noticed Dowan
  6027 | D:6      | Killed Dowan
  6053 | D:6      | Noticed Duvessa
  6057 | D:6      | Killed Duvessa
  6102 | D:6      | Noticed Pikel
  6117 | D:6      | Killed Pikel
  6321 | D:7      | Reached skill level 11 in Conjurations
  6331 | D:7      | Reached * piety under Vehumet
  6331 | D:7      | Offered knowledge of Flame Tongue by Vehumet.
  6410 | D:7      | Found a white marble altar of Elyvilon.
  6589 | D:7      | Found Unocuo Pepn's Jewellery Shoppe.
  6657 | D:7      | Noticed Menkaure
  6661 | D:7      | Killed Menkaure
  7122 | D:8      | Reached skill level 1 in Fighting
  7350 | D:8      | Slain by an orc warrior

Skill      XL: |  1  2  3  4  5  6  7  8  9 |
---------------+----------------------------+-----
Conjurations   | 5 6 7 8 10 11 | 11.6
Spellcasting   | 4 5 6 8 9 |  9.7
Charms         | 1 3 5 7 9 |  9.1
Dodging        | 3 |  3.6
Fighting       | 1 |  1.1
Stealth        | |  2.5

Action                   |  1- 3 |  4- 6 |  7- 9 || total
-------------------------+-------+-------+-------++-------
Melee: Dagger            |     4 |    31 |    57 ||    92
       Spear             |       |       |     3 ||     3
 Cast: Magic Dart        |    88 |   174 |   205 ||   467
       Dazzling Spray    |       |     4 |     5 ||     9
       Iskenderun's Batt |       |     1 |    22 ||    23
       Iskenderun's Myst |       |       |     7 ||     7
  Use: Scroll            |       |       |     1 ||     1
 Stab: Sleeping          |       |     1 |     3 ||     4
  Eat: Chunk             |     1 |     6 |    18 ||    25
Armor: Robe              |     2 |     8 |    27 ||    37
Dodge: Dodged            |     7 |    55 |    66 ||   128
